 Dungeon Crawl Stone Soup version 0.14.2 (webtiles) character file.

11640 Amnesiac the Fetichist (level 11, -57/60 HPs)
             Began as a Spriggan Monk on Feb 11, 2018.
             Was the Champion of Nemelex Xobeh.
             Killed themself with a badly aimed orb of electricity (92 damage)
             ... in an ice cave.
             The game lasted 00:47:24 (15193 turns).

Amnesiac the Fetichist (Spriggan Monk)             Turns: 15193, Time: 00:47:24

HP -57/60        AC  4     Str 10      XL: 11   Next: 39%
MP  31/31        EV 24     Int 12      God: Nemelex Xobeh [******]
Gold 979         SH  0     Dex 19      Spells:  2 memorised,  1 level left

rFire  . . .     SeeInvis +     M - legendary deck of destruction {drawn: 10}
rCold  . . .     Clarity  .     D - +1 robe {rN+}
rNeg   + . .     Conserve .     (shield restricted)
rPois  .         rCorr    .     (helmet restricted)
rElec  .         rRot     .     a - +0 cloak
SustAb . .       Spirit   .     (gloves unavailable)
rMut   .         Warding  .     (boots unavailable)
Saprov . . .     Stasis   +     H - amulet of stasis
MR     +....                    y - ring of invisibility
                                g - +6,+3 ring of slaying {unknown}

@: very quick, somewhat resistant to hostile enchantments, stealthy
A: unfitting armour, see invisible, herbivore 3, speed 3, slow metabolism 2
a: Draw One, Peek at Two, Triple Draw, Deal Four, Stack Five, Renounce Religion,
Evoke Invisibility


You were in an ice cave.
You worshipped Nemelex Xobeh.
Nemelex Xobeh was exalted by your worship.
You were not hungry.

You visited 2 branches of the dungeon, and saw 11 of its levels.
You also visited: Ice Cave.

You collected 985 gold pieces.

Inventory:

Hand weapons
 b - a +1 blowgun
Missiles
 m - 5 tomahawks of returning (quivered)
 q - 78 poisoned needles
 x - 8 curare-tipped needles
Armour
 a - a +0 cloak (worn)
 D - a +1 robe of positive energy (worn)
Magical devices
 e - a wand of enslavement (11)
 C - a wand of disintegration (2)
 I - a wand of teleportation (6)
Comestibles
 n - 3 bread rations
Scrolls
 f - 3 scrolls of blinking {!r}
 i - 5 scrolls of teleportation {!r}
 j - a scroll of fear {!r}
 k - 2 scrolls of remove curse {!r}
 p - 2 scrolls of magic mapping {!r}
 E - 2 scrolls of enchant armour {!r}
Jewellery
 c - an uncursed ring of teleport control
 g - a +6,+3 ring of slaying (left hand) {unknown}
 w - an uncursed amulet of resist mutation
 y - a ring of invisibility (right hand)
 G - the ring "Buehahoa" {rF+ Int+5}
   (You found it on level 9 of the Dungeon)

   [ring of protection from fire]

   It affects your intelligence (+5).
 H - an amulet of stasis (around neck)
Potions
 d - a potion of flight {!q}
 h - a potion of invisibility {!q}
 l - 6 potions of curing {!q}
 o - 2 potions of resistance {!q}
 s - 2 potions of haste {!q}
 u - a potion of heal wounds {!q}
 A - a potion of brilliance {!q}
Miscellaneous
 v - an ornate deck of escape {drawn: 1}
 B - an ornate deck of destruction {drawn: 9}
 F - an ornate deck of summonings {drawn: 1}
 K - an ornate deck of escape {drawn: 1}
 L - an ornate deck of destruction {drawn: 1}
 M - a legendary deck of destruction {drawn: 10} (in hand)
Rods
 t - a +0 rod of destruction (3/10)
   (You found it on level 6 of the Dungeon)


   Skills:
 - Level 8.0 Fighting
 - Level 8.0 Dodging
 - Level 3.0 Stealth
 - Level 8.0 Unarmed Combat
 + Level 16.2 Evocations


You had one spell level left.
You knew the following spells:

 Your Spells              Type           Power        Failure   Level  Hunger
a - Haste                 Chrm           #.......     100%        6    #######
b - Flight                Chrm/Air       #.........   88%         3    ####...


Dungeon Overview and Level Annotations

Branches:
Dungeon (10/15)            Temple (0/1) D:5             Orc (1/4) D:10
   Lair: D:8-11

Altars:
Cheibriados
Dithmenos
Kikubaaqudgha
Nemelex Xobeh
Okawaru
Trog
Xom
Zin

Shops:
D:6 (


Innate Abilities, Weirdness & Mutations

You are tiny and cannot use many weapons and most armour.
You have supernaturally acute eyesight.
You are a herbivore.
You cover ground extremely quickly.
You need consume almost no food.


Message History

The ice beast is almost dead.
The ice beast closely misses you.
You hit the ice beast but do no damage.
The ice beast is almost dead.
The ice beast closely misses you.
You hit the ice beast.
You kill the ice beast!
No target in view!
An ice dragon comes into view.
An ice dragon is nearby!
An ice dragon is nearby!
Wield which item (- for none, * to show all)? (? for menu, Esc to quit)
M - a legendary deck of destruction {drawn: 2} (in hand)
You draw a card...
It is Frost.
You have drawn Frost.
Press: ? - help, Shift-Dir - straight line, f - ice dragon
Aim: an ice dragon The bolt of cold misses the ice dragon.
An ice dragon comes into view.
Unknown command.
You draw a card...
It is the Hammer.
You have drawn the Hammer.
Press: ? - help, Shift-Dir - straight line, f/p - ice dragon
Aim: an ice dragon The crystal spear hits the ice dragon.
The ice dragon is severely wounded.
You draw a card...
It is the Hammer.
You have drawn the Hammer.
Press: ? - help, Shift-Dir - straight line, f/p - ice dragon
Aim: an ice dragon (severely wounded)
The crystal spear misses the ice dragon.
The ice dragon breathes frost at you. The blast of cold misses you.
You draw a card...
It is Pain.
You have drawn Pain.
Your body is wracked with pain!
The ice dragon convulses!
You draw a card...
It is the Orb.
You have drawn the Orb.
Press: ? - help, Shift-Dir - straight line, f/p - ice dragon
Aim: an ice dragon (almost dead)
You hear a grinding noise. x3
You hear a grinding noise.
You draw a card...
It is the Orb.
You have drawn the Orb.
Press: ? - help, Shift-Dir - straight line, f/p - ice dragon
Aim: an ice dragon (almost dead)
You hear a grinding noise. x3
You draw a card...
It is Frost.
You have drawn Frost.
Press: ? - help, Shift-Dir - straight line, f/p - ice dragon
Aim: an ice dragon (almost dead)
The bolt of cold hits the ice dragon.
The ice dragon resists.
The ice dragon is almost dead.
You hear a grinding noise.
You draw a card...
It is the Spark.
You have drawn the Spark.
Press: ? - help, Shift-Dir - straight line, f/p - ice dragon
Aim: an ice dragon (almost dead)
The orb of electricity explodes!
The orb of electricity engulfs the ice dragon.
The ice dragon is almost dead.
The orb of electricity engulfs you!
Ouch! That really hurt!
You die...
Your body glows slightly and disappears.

#.#.# .D#
##..# ..#
# ##.#
##.# #
#..#
##.*# #
##.##
#..§#
#..#
###.#..#
##.##
##.§...##
#.#.#
#..D...#
##.##
#.@#.§..#
#..##
##....###
##..#
###.###
#..##
##...#
##.##
##..###
###..#
##..##
#.#.##
#..##
###..##
#..#
#.....#
#..#


You could see an ice dragon.

Vanquished Creatures
  The ghost of Amnesiac the Fetichist, a powerful SpAr of Nemelex Xobeh (IceCv)
  Erica (D:10)
  2 ice statues (IceCv)
  2 hill giants
  Maurice (D:10)
  A gargoyle (D:9)
  A troll (Orc:1)
  A hydra skeleton (D:9)
  2 hippogriffs
  2 necrophages
  19 ice beasts
  A phantom (D:10)
  2 sky beasts (D:9)
  6 orc warriors (D:10)
  2 ogres
  3 centaurs (D:10)
  A big kobold (D:10)
  3 giant frogs
  5 scorpions
  4 killer bees
  2 goliath beetles
  4 jellies
  4 wights (D:9)
  2 crimson imps
  6 orc priests
  4 orc wizards
  8 worker ants
  3 hounds
  2 iguanas
  An ogre zombie (D:5)
  A hound skeleton (D:9)
  A mummy (D:9)
  4 gnolls (D:5)
  A gnoll skeleton (D:7)
  A shadow imp (D:9)
  12 adders
  An inept feature mimic (D:7)
  A giant mite (D:6)
  7 worms
  An adder skeleton (D:4)
  A giant eyeball (D:10)
  5 giant geckos
  2 oozes
  54 orcs
  4 ball pythons
  3 giant cockroaches
  8 goblins
  17 hobgoblins
  5 jackals
  9 bats
  7 giant newts
  30 kobolds
  A kobold skeleton (D:6)
  2 quokkas
  19 rats
  A rat skeleton (D:6)
294 creatures vanquished.

Vanquished Creatures (collateral kills)
  The ghost of Amnesiac the Ducker, an average SpMo (D:5)
  6 yaks (D:10)
  A necrophage (D:6)
  An ice beast (D:4)
  A centaur (D:6)
  A big kobold (D:4)
  A crimson imp (D:5)
  An orc wizard (D:5)
  5 gnolls
  2 orcs (D:5)
  A goblin skeleton (D:4)
21 creatures vanquished.

Vanquished Creatures (others)
  An adder (D:5)
  An orc (D:8)
  A bat (D:5)
  A hobgoblin skeleton (D:5)
  A rat (D:5)
5 creatures vanquished.

Grand Total: 320 creatures vanquished

Notes
Turn   | Place    | Note
--------------------------------------------------------------
     0 | D:1      | Amnesiac, the Spriggan Monk, began the quest for the Orb.
     0 | D:1      | Reached XP level 1. HP: 11/11 MP: 2/2
    59 | D:2      | Reached XP level 2. HP: 16/16 MP: 4/4
   897 | D:2      | Reached XP level 3. HP: 19/19 MP: 6/6
   910 | D:2      | Found a bloodstained altar of Trog.
   936 | D:2      | Reached skill level 5 in Dodging
  1307 | D:2      | Found a sparkling altar of Nemelex Xobeh.
  1324 | D:2      | Became a worshipper of Nemelex Xobeh the Trickster
  1324 | D:2      | Received a gift from Nemelex Xobeh
  1324 | D:2      | Acquired Nemelex Xobeh's first power
  1463 | D:2      | Acquired Nemelex Xobeh's second power
  1464 | D:2      | Received a gift from Nemelex Xobeh
  1509 | D:2      | Reached XP level 4. HP: 10/23 MP: 8/8
  2426 | D:3      | Received a gift from Nemelex Xobeh
  2899 | D:3      | Acquired Nemelex Xobeh's third power
  2903 | D:3      | Received a gift from Nemelex Xobeh
  3431 | D:3      | Reached XP level 5. HP: 4/27 MP: 10/10
  3816 | D:3      | Reached skill level 6 in Dodging
  3816 | D:3      | Reached skill level 5 in Unarmed Combat
  4164 | D:4      | Reached XP level 6. HP: 14/32 MP: 12/12
  4392 | D:4      | Received a gift from Nemelex Xobeh
  4609 | D:4      | Found a snail-covered altar of Cheibriados.
  5325 | D:5      | Entered Level 5 of the Dungeon
  5370 | D:5      | Noticed Amnesiac's ghost (average SpMo)
  5406 | D:4      | Acquired Nemelex Xobeh's fourth power
  5585 | D:5      | Found a shadowy altar of Dithmenos.
  5930 | D:5      | Found a staircase to the Ecumenical Temple.
  5981 | D:5      | Reached XP level 7. HP: 35/35 MP: 14/14
  6200 | D:4      | Reached skill level 7 in Unarmed Combat
  6261 | D:5      | Found a shimmering altar of Xom.
  6281 | D:5      | Found an ancient bone altar of Kikubaaqudgha.
  6336 | D:5      | Received a gift from Nemelex Xobeh
  6497 | D:5      | Killed Amnesiac's ghost
  6786 | D:6      | Identified a +0 rod of destruction (10/10) (You found it on level 6 of the Dungeon)
  6834 | D:6      | HP: 1/35 [poisoned by a worker ant]
  7097 | D:6      | Reached skill level 8 in Unarmed Combat
  7101 | D:6      | Received a gift from Nemelex Xobeh
  7126 | D:6      | Reached XP level 8. HP: 33/39 MP: 15/18
  7218 | D:6      | Found Qubidghoilo's Antique Weapon Shop.
  7827 | D:6      | Reached skill level 5 in Evocations
  8021 | D:6      | Learned a level 6 spell: Invisibility
  8293 | D:7      | Found a glowing silver altar of Zin.
  8488 | D:7      | Acquired Nemelex Xobeh's fifth power
  8495 | D:7      | Found an iron altar of Okawaru.
  8783 | D:8      | Received a gift from Nemelex Xobeh
  8898 | D:8      | Noticed a two-headed ogre
  8924 | D:8      | Reached skill level 9 in Evocations
  9487 | D:8      | Reached skill level 10 in Evocations
  9688 | D:8      | Learned a level 6 spell: Haste
  9754 | D:9      | Reached XP level 9. HP: 40/43 MP: 25/25
  9991 | D:9      | Reached skill level 11 in Evocations
 10103 | D:9      | Received a gift from Nemelex Xobeh
 10192 | D:9      | Reached skill level 12 in Evocations
 10322 | D:9      | Got a steaming granite ring
 10341 | D:9      | Identified the ring "Buehahoa" {rF+ Int+5} (You found it on level 9 of the Dungeon)
 10487 | D:9      | Noticed a gargoyle
 11099 | D:9      | Killed a gargoyle
 11099 | D:9      | Reached skill level 13 in Evocations
 11370 | D:9      | Noticed a hill giant
 11373 | D:9      | Killed a hill giant
 11373 | D:9      | Reached skill level 14 in Evocations
 11506 | D:10     | Entered Level 10 of the Dungeon
 11513 | D:9      | Received a gift from Nemelex Xobeh
 11636 | D:10     | Reached XP level 10. HP: 47/49 MP: 29/29
 11646 | D:10     | Reached skill level 15 in Evocations
 11817 | D:10     | Learned a level 3 spell: Flight
 12137 | D:10     | Noticed a hill giant
 12205 | D:10     | Noticed Erica
 12207 | D:10     | Killed a hill giant
 12233 | D:10     | Killed Erica
 12233 | D:10     | Reached skill level 5 in Fighting
 12261 | D:10     | Noticed Maurice
 12353 | D:10     | Killed Maurice
 12593 | D:10     | Received a gift from Nemelex Xobeh
 13183 | D:10     | Received a gift from Nemelex Xobeh
 13573 | D:10     | Received a gift from Nemelex Xobeh
 13820 | D:10     | Found a staircase to the Orcish Mines.
 14055 | Orc:1    | Entered Level 1 of the Orcish Mines
 14151 | Orc:1    | Received a gift from Nemelex Xobeh
 14204 | Orc:1    | Received a gift from Nemelex Xobeh
 14255 | Orc:1    | Found a frozen archway.
 14264 | IceCv    | Entered an ice cave
 14276 | IceCv    | Reached XP level 11. HP: 34/58 MP: 29/31
 14279 | IceCv    | Received a gift from Nemelex Xobeh
 14373 | IceCv    | Noticed Amnesiac's ghost (powerful SpAr)
 14377 | IceCv    | Received a gift from Nemelex Xobeh
 14379 | IceCv    | Killed Amnesiac's ghost
 14542 | IceCv    | Noticed an ice statue
 15002 | IceCv    | Killed an ice statue
 15007 | IceCv    | Noticed an ice statue
 15008 | IceCv    | Killed an ice statue
 15008 | IceCv    | Reached skill level 16 in Evocations
 15177 | IceCv    | Noticed an ice dragon
 15180 | IceCv    | Noticed an ice dragon
 15193 | IceCv    | Killed themself with a badly aimed orb of electricity

Action                   |  1- 3 |  4- 6 |  7- 9 | 10-12 || total
-------------------------+-------+-------+-------+-------++-------
Melee: Unarmed           |   181 |   329 |   418 |   274 ||  1202
       Rod               |       |       |     1 |     9 ||    10
 Fire: Blowgun           |       |     5 |    18 |    43 ||    66
Throw: Tomahawk          |       |       |       |     1 ||     1
Invok: Draw One          |       |       |       |    33 ||    33
 Abil: Evoke Invisibilit |       |       |     8 |     4 ||    12
       Turn Visible      |       |       |     7 |     1 ||     8
Evoke: Deck              |     5 |    21 |    19 |    18 ||    63
       Wand              |       |     2 |     8 |     2 ||    12
       Rod               |       |       |     6 |    11 ||    17
  Use: Scroll            |     8 |     8 |     9 |     2 ||    27
       Potion            |       |     2 |     2 |     1 ||     5
 Stab: Sleeping          |     7 |     7 |     7 |     1 ||    22
       Invisible         |       |       |    29 |    13 ||    42
       Distracted        |       |       |       |     1 ||     1
